Map: Acid Plant LE

Players

NXZ - Winner!

  • Race: Zerg Zerg
  • Spawn Location: 11:00

PappiJoe

  • Race: Protoss Protoss
  • Spawn Location: 5:00

Event: WCS Valencia 2018

VOD

Have the link to the VOD?

Description

Time

  • Played on: July 12, 2018, 6:14 a.m.
  • Length: 7:12

All games in this series

Show
View Real Time Build Order
Export as new Build Order

NXZ Zerg - Winner!

Build Orders: Hatch First 

Get SALT Encoding   

  12  0:01  Drone  
  13  0:08  Drone  
  14  0:16  Overlord  
  14  0:22  Extractor  
  14  0:23  Drone  
  15  0:34  Drone  
  15  0:35  Drone  
  17  0:52  Hatchery  
  17  0:55  Drone  
  17  0:58  Drone  
  18  1:09  Extractor  
  17  1:13  Spawning Pool  
  17  1:16  Drone  
  17  1:19  Drone  
  18  1:27  Drone  
  19  1:38  Overlord  
  19  1:49  Drone  
  20  1:59  Queen  
  20  2:00  Zergling x2  
  23  2:04  Queen  
  23  2:05  Drone  
  26  2:08  Metabolic Boost  
  26  2:10  Drone  
  26  2:15  Drone  
  28  2:20  Drone  
  29  2:26  Drone  
  30  2:31  Zergling x2  
  31  2:43  Queen  
  33  2:44  Overlord  
  33  2:47  Drone x2  
  35  2:53  Drone  
  35  3:00  Drone  
  35  3:03  Drone  
  37  3:10  Hatchery  
  36  3:15  Drone x5  
  36  3:16  Drone x2  
  36  3:18  Drone  
  44  3:24  Overlord  
  44  3:31  Overlord  
  44  3:38  Spore Crawler x2, Queen  
  44  3:45  Drone  
  44  3:46  Lair, Spore Crawler  
  44  3:48  Drone  
  45  3:50  Drone  
  45  3:51  Drone  
  45  3:53  Zergling x2  
  48  3:56  Zergling x2  
  48  3:57  Zergling x2  
  48  3:58  Drone  
  48  4:00  Drone  
  48  4:02  Drone  
  53  4:05  Drone  
  53  4:11  Extractor  
  53  4:12  Extractor  
  53  4:13  Drone  
  53  4:14  Drone x2  
  54  4:20  Drone  
  54  4:21  Drone  
  56  4:24  Drone x2  
  56  4:25  Drone  
  56  4:27  Drone x2  
  56  4:29  Drone  
  62  4:34  Overlord  
  62  4:35  Extractor  
  62  4:37  Drone  
  62  4:40  Overlord  
  62  4:50  Hydralisk Den  
  62  4:51  Drone x7  
  66  4:53  Overlord  
  66  4:59  Overlord  
  66  5:02  Zergling x2  
  66  5:03  Zergling x2  
  66  5:04  Overlord  
  66  5:11  Overlord  
  65  5:18  Hydralisk x5  
  65  5:20  Hydralisk  
  77  5:23  Hydralisk  
  77  5:25  Hydralisk  
  81  5:28  Muscular Augments  
  81  5:31  Hydralisk  
  81  5:32  Hydralisk  
  85  5:37  Overlord  
  85  5:39  Zergling x6  
  88  5:45  Hydralisk x2  
  92  5:55  Zergling x18  
  101  5:59  Zergling x6  
  101  6:01  Hydralisk  
  101  6:03  Zergling x2  
  107  6:04  Overseer  
  107  6:09  Zergling x2  
  108  6:11  Zergling x2  
  108  6:14  Zergling x2  
  110  6:19  Baneling Nest  
  109  6:28  Hydralisk  
  109  6:29  Hydralisk  
  112  6:36  Zergling x2  
  112  6:37  Overlord  
  112  6:38  Overlord x2  
  113  6:41  Overlord x2  
  112  6:48  Zergling x2  
Show
View Real Time Build Order
Export as new Build Order

PappiJoe Protoss 

Build Orders: 1 Gate Expand, Oracle Opening, Zealot Archon, Archon Drop 

Get SALT Encoding   

  12  0:00  Probe  
  13  0:12  Probe  
  14  0:18  Pylon  
  14  0:24  Probe  
  15  0:32  Probe  
  15  0:39  Gateway  
  15  0:40  Probe  
  16  0:48  Assimilator  
  17  0:51  Probe  
  18  1:03  Probe  
  19  1:15  Probe  
  20  1:25  Nexus  
  20  1:36  Cybernetics Core  
  20  1:37  Probe  
  21  1:43  Assimilator  
  21  1:50  Probe  
  22  1:55  Pylon  
  22  2:02  Probe  
  22  2:04  Adept  
  23  2:14  Probe  
  26  2:23  Stargate  
  26  2:26  Probe  
  27  2:30  Adept  
  29  2:37  Probe  
  29  2:38  Probe, Pylon  
  29  2:41  Warp Gate  
  31  2:45  Probe  
  31  2:49  Probe  
  32  2:53  Probe  
  32  2:57  Oracle  
  34  2:59  Probe  
  34  3:04  Probe  
  35  3:11  Probe  
  40  3:15  Assimilator  
  40  3:16  Probe  
  41  3:20  Assimilator  
  41  3:23  Probe  
  42  3:28  Probe  
  42  3:31  Robotics Facility  
  43  3:35  Probe  
  46  3:48  Pylon  
  46  3:50  Probe x2  
  46  3:53  Pylon  
  46  3:57  Twilight Council  
  46  4:06  Probe x2, Phoenix  
  50  4:11  Gateway  
  50  4:12  Gateway  
  50  4:16  Gateway, Warp Prism  
  50  4:19  Probe x2  
  52  4:31  Probe  
  55  4:37  Probe  
  56  4:42  Pylon  
  56  4:43  Probe  
  54  4:54  Observer  
  54  4:58  Zealot  
  57  5:02  Templar Archives, Probe, Pylon  
  58  5:10  Probe  
  58  5:13  Charge  
  58  5:14  Probe  
  59  5:23  Nexus  
  59  5:25  Forge  
  59  5:26  Pylon  
  59  5:27  Adept x2  
  63  5:29  Probe  
  63  5:33  Probe  
  65  5:40  Immortal  
  65  5:41  High Templar x2  
  73  5:45  Probe x2  
  73  5:47  High Templar x2, Archon  
  79  5:53  Archon  
  75  5:57  Shield Battery  
  75  6:03  Gateway  
  75  6:06  Gateway  
  75  6:12  Gateway  
  75  6:18  High Templar x2  
  79  6:20  Zealot  
  79  6:21  Zealot  
  79  6:23  Pylon  
  79  6:24  Archon  
  79  6:25  Pylon  
  81  6:41  Gateway  
  81  6:42  Gateway  
  81  6:45  Shield Battery, Pylon  
  81  6:46  Zealot, Shield Battery  
  81  6:47  Pylon  
  83  6:52  Zealot  
  83  6:53  Zealot  
  67  7:03  Zealot  
  67  7:07  Zealot  
Tags
 
Add a new tag
Caveats
  • Supply blocks, unpowered buildings, or Contaminate may cause inaccurate times.
  • Supply counts are checked every 10 seconds.